[ PARTIDA AOE2 · #465794667 ]
1v1 RMEtíopes vs Japanese
Equipo del jugador · DERR
Equipo rival · VICT
[ ANÁLISIS DE REPETICIÓN · EXTRAÍDO DE LA PARTIDA GRABADA ]
Feudal
13:17
Castillos
28:10
Imperial
51:27
| APM promedio | 17.2 |
| APM pico | 41 |
| eAPM promedio | 11.8 |
| Aldeanos / militares | 113 / 120 |
Foco
⚔️ 22.2% · 🌾 77.8%
Archer ×43 · Knight ×36 · Scout Cavalry ×30 · Shotel Warrior ×7 · Spearman ×2 · Trebuchet (Packed) ×2
Feudal
—
Castillos
—
Imperial
—
| APM promedio | 12.6 |
| APM pico | 31 |
| eAPM promedio | 10.2 |
| Aldeanos / militares | 102 / 167 |
Foco
⚔️ 31.2% · 🌾 68.8%
Samurai ×120 · Militia ×25 · Skirmisher ×14 · Fishing Ship ×12 · Trebuchet (Packed) ×8 · Unknown (2626) ×2
Mapa de la partida
Recursos al inicio + cada clic de construcción. Línea gruesa = muro · recuadro discontinuo = muro de casas detectado. 🟡 oro · ⚪ piedra · 🟢 bayas · 🔶 jabalí · ⭕ reliquia
Tu base· Abierta — flanco sin cerrar
Base de AceHyundai35· Abierta — flanco sin cerrar
Terreno con relieve · ⚠ = hueco de muro detectado · pasá el cursor para detalles
Inputs por minuto
— dumnorix - - AceHyundai35
Build order — dumnorix
Primeras 150 de 295 acciones detectadas
| 0:40 | Construir | Town Center |
| 1:36 | Construir | House |
| 2:37 | Crear | Villager (Male) |
| 2:37 | Crear | Villager (Male) |
| 2:38 | Crear | Villager (Male) |
| 2:38 | Crear | Villager (Male) |
| 2:38 | Crear | Villager (Male) |
| 3:44 | Construir | House |
| 4:11 | Construir | Lumber Camp |
| 4:17 | Crear | Villager (Male) |
| 4:17 | Crear | Villager (Male) |
| 4:55 | Crear | Villager (Male) |
| 4:55 | Crear | Villager (Male) |
| 5:27 | Crear | Villager (Male) |
| 6:14 | Crear | Villager (Male) |
| 6:15 | Crear | Villager (Male) |
| 6:22 | Construir | House |
| 6:45 | Crear | Villager (Male) |
| 6:46 | Crear | Villager (Male) |
| 7:11 | Crear | Villager (Male) |
| 8:25 | Crear | Villager (Male) |
| 8:26 | Crear | Villager (Male) |
| 8:32 | Construir | House |
| 8:43 | Crear | Villager (Male) |
| 8:47 | Investigar | Loom |
| 10:14 | Construir | Mining Camp |
| 10:37 | Crear | Villager (Male) |
| 10:38 | Crear | Villager (Male) |
| 10:59 | Construir | Mill |
| 11:07 | Investigar | Feudal Age |
| 11:40 | Construir | Barracks |
| 12:00 | Construir | House |
| 12:24 | Crear | Villager (Male) |
| 12:25 | Crear | Villager (Male) |
| 13:17 | Edad | Edad Feudal |
| 13:18 | Investigar | Double-Bit Axe |
| 13:26 | Investigar | Horse Collar |
| 13:47 | Construir | Archery Range |
| 13:49 | Construir | Archery Range |
| 13:57 | Construir | Blacksmith |
| 14:02 | Crear | Villager (Male) |
| 14:02 | Crear | Villager (Male) |
| 14:03 | Crear | Villager (Male) |
| 14:10 | Crear | Villager (Male) |
| 14:41 | Construir | House |
| 14:52 | Crear | Archer |
| 14:53 | Crear | Archer |
| 15:20 | Crear | Archer |
| 15:20 | Crear | Archer |
| 15:39 | Construir | House |
| 15:42 | Crear | Villager (Male) |
| 15:43 | Crear | Villager (Male) |
| 15:44 | Crear | Villager (Male) |
| 15:51 | Construir | Farm |
| 15:51 | Construir | Farm |
| 15:51 | Construir | Farm |
| 16:03 | Investigar | Fletching |
| 16:07 | Crear | Archer ×5 |
| 16:40 | Crear | Spearman |
| 16:41 | Crear | Spearman |
| 16:48 | Construir | House |
| 16:50 | Construir | House |
| 17:30 | Construir | House |
| 17:34 | Construir | House |
| 19:22 | Construir | Farm |
| 19:23 | Construir | Farm |
| 19:23 | Construir | Farm |
| 19:26 | Crear | Villager (Male) |
| 19:27 | Crear | Villager (Male) |
| 19:27 | Crear | Villager (Male) |
| 19:27 | Crear | Villager (Male) |
| 19:50 | Construir | Farm |
| 19:50 | Construir | Farm |
| 19:51 | Construir | Farm |
| 20:06 | Construir | Stable |
| 20:13 | Construir | Palisade Gate |
| 20:29 | Construir | Farm |
| 20:29 | Construir | Farm |
| 20:29 | Construir | Farm |
| 20:36 | Crear | Villager (Male) |
| 20:45 | Crear | Villager (Male) |
| 20:46 | Crear | Villager (Male) |
| 20:46 | Crear | Villager (Male) |
| 20:58 | Construir | Farm |
| 20:59 | Construir | Farm |
| 20:59 | Construir | Farm |
| 21:52 | Construir | Farm |
| 22:02 | Construir | Farm |
| 22:25 | Construir | Stable |
| 23:07 | Construir | Farm |
| 23:50 | Construir | Watch Tower |
| 24:06 | Construir | Building 796 |
| 24:53 | Construir | Blacksmith |
| 25:01 | Construir | Market |
| 25:30 | Investigar | Castle Age |
| 25:51 | Construir | Mining Camp |
| 26:14 | Construir | Lumber Camp |
| 26:41 | Construir | Stable |
| 27:12 | Investigar | Forging |
| 27:14 | Investigar | Scale Barding Armor |
| 28:10 | Edad | Edad de los Castillos |
| 28:16 | Investigar | Husbandry |
| 28:16 | Crear | Knight ×5 |
| 28:17 | Crear | Knight ×3 |
| 28:17 | Crear | Knight ×3 |
| 29:41 | Crear | Villager (Male) |
| 29:41 | Crear | Villager (Male) |
| 29:41 | Crear | Villager (Male) |
| 29:42 | Crear | Villager (Male) |
| 29:42 | Crear | Villager (Male) |
| 29:42 | Crear | Villager (Male) |
| 29:43 | Crear | Villager (Male) |
| 29:43 | Crear | Villager (Male) |
| 29:43 | Crear | Villager (Male) |
| 29:47 | Construir | Farm |
| 29:47 | Construir | Farm |
| 29:48 | Construir | Farm |
| 30:14 | Construir | Town Center |
| 30:22 | Crear | Villager (Male) |
| 30:27 | Investigar | Bow Saw |
| 31:14 | Crear | Villager (Male) |
| 31:14 | Crear | Villager (Male) |
| 31:15 | Crear | Villager (Male) |
| 31:15 | Crear | Villager (Male) |
| 31:15 | Crear | Villager (Male) |
| 31:15 | Crear | Villager (Male) |
| 31:16 | Crear | Villager (Male) |
| 31:21 | Crear | Villager (Male) |
| 31:21 | Crear | Villager (Male) |
| 31:21 | Crear | Villager (Male) |
| 31:22 | Crear | Villager (Male) |
| 32:32 | Crear | Villager (Male) |
| 32:33 | Crear | Villager (Male) |
| 32:33 | Crear | Villager (Male) |
| 32:35 | Crear | Villager (Male) |
| 32:35 | Crear | Villager (Male) |
| 32:47 | Construir | Farm |
| 32:50 | Construir | Farm |
| 32:50 | Construir | Farm |
| 32:50 | Construir | Farm |
| 33:06 | Construir | Monastery |
| 33:33 | Crear | Knight ×5 |
| 33:43 | Investigar | Gold Mining |
| 34:03 | Crear | Villager (Male) |
| 34:03 | Crear | Villager (Male) |
| 34:06 | Crear | Villager (Male) |
| 34:17 | Investigar | Heavy Plow |
| 34:50 | Construir | Farm |
| 35:10 | Construir | Lumber Camp |
| 35:24 | Construir | House |
Build order — AceHyundai35
Primeras 150 de 343 acciones detectadas
| 0:23 | Construir | Town Center |
| 1:19 | Construir | Dock |
| 1:25 | Construir | House |
| 1:26 | Construir | House |
| 2:34 | Crear | Villager (Male) ×4 |
| 4:01 | Crear | Fishing Ship |
| 4:13 | Investigar | Loom |
| 4:55 | Crear | Villager (Male) |
| 5:00 | Crear | Fishing Ship |
| 5:29 | Construir | House |
| 5:30 | Construir | House |
| 5:32 | Construir | House |
| 5:34 | Crear | Villager (Male) |
| 6:07 | Construir | Lumber Camp |
| 6:18 | Crear | Villager (Male) |
| 6:19 | Crear | Villager (Male) |
| 6:32 | Construir | House |
| 6:50 | Crear | Villager (Male) |
| 7:20 | Crear | Villager (Male) |
| 7:29 | Crear | Fishing Ship |
| 7:56 | Crear | Villager (Male) |
| 8:24 | Crear | Villager (Male) |
| 8:32 | Construir | Mill |
| 8:35 | Crear | Villager (Male) |
| 8:45 | Crear | Fishing Ship |
| 8:45 | Crear | Fishing Ship |
| 8:45 | Crear | Fishing Ship |
| 10:00 | Crear | Villager (Male) |
| 10:01 | Crear | Villager (Male) |
| 10:01 | Crear | Villager (Male) |
| 10:31 | Crear | Fishing Ship |
| 10:31 | Crear | Fishing Ship |
| 10:32 | Crear | Fishing Ship |
| 11:03 | Construir | Dock |
| 11:27 | Construir | Mining Camp |
| 11:43 | Construir | House |
| 12:20 | Crear | Fishing Ship |
| 12:43 | Investigar | Feudal Age |
| 12:51 | Construir | Barracks |
| 13:01 | Construir | House |
| 13:02 | Construir | House |
| 13:07 | Construir | House |
| 13:32 | Construir | Palisade Wall |
| 13:43 | Construir | Palisade Wall |
| 14:13 | Crear | Fishing Ship |
| 14:14 | Crear | Fishing Ship |
| 14:25 | Crear | Villager (Male) |
| 14:26 | Crear | Villager (Male) |
| 14:26 | Crear | Villager (Male) |
| 14:26 | Crear | Villager (Male) |
| 14:27 | Crear | Villager (Male) |
| 14:39 | Crear | Militia |
| 14:39 | Crear | Militia |
| 14:40 | Crear | Militia |
| 14:58 | Investigar | Man-at-Arms (upgrade) |
| 14:59 | Investigar | Arson |
| 15:28 | Investigar | Double-Bit Axe |
| 15:38 | Investigar | Tech 906 |
| 15:40 | Crear | Unit 2626 |
| 15:40 | Crear | Unit 2626 |
| 16:20 | Construir | Market |
| 16:24 | Crear | Villager (Male) |
| 16:24 | Crear | Villager (Male) |
| 16:49 | Crear | Militia |
| 16:49 | Crear | Militia |
| 16:50 | Crear | Militia |
| 17:06 | Construir | Lumber Camp |
| 17:12 | Construir | Blacksmith |
| 17:20 | Crear | Militia |
| 17:20 | Crear | Militia |
| 17:20 | Crear | Militia |
| 17:50 | Investigar | Wheelbarrow |
| 17:51 | Investigar | Town Watch |
| 18:20 | Crear | Militia |
| 18:20 | Crear | Militia |
| 18:20 | Crear | Militia |
| 18:38 | Construir | Archery Range |
| 19:16 | Construir | Mill |
| 19:28 | Crear | Militia |
| 19:28 | Crear | Militia |
| 19:29 | Crear | Militia |
| 19:49 | Investigar | Padded Archer Armor |
| 19:51 | Investigar | Fletching |
| 19:52 | Investigar | Scale Mail Armor |
| 20:22 | Crear | Skirmisher |
| 20:22 | Crear | Skirmisher |
| 20:23 | Crear | Skirmisher |
| 20:23 | Crear | Skirmisher |
| 20:23 | Crear | Skirmisher |
| 20:24 | Crear | Skirmisher |
| 20:24 | Crear | Skirmisher |
| 20:42 | Construir | House |
| 20:43 | Construir | House |
| 20:44 | Construir | House |
| 20:57 | Investigar | Forging |
| 21:12 | Crear | Villager (Male) |
| 21:16 | Crear | Villager (Male) |
| 21:23 | Crear | Villager (Male) |
| 22:29 | Crear | Skirmisher |
| 22:29 | Crear | Skirmisher |
| 22:56 | Crear | Skirmisher |
| 22:56 | Crear | Skirmisher |
| 23:13 | Crear | Militia |
| 23:14 | Crear | Militia |
| 23:14 | Crear | Militia |
| 23:14 | Crear | Militia |
| 23:28 | Construir | Farm |
| 23:29 | Construir | Farm |
| 23:30 | Construir | Farm |
| 23:31 | Construir | Farm |
| 23:50 | Construir | House |
| 23:50 | Construir | House |
| 23:51 | Construir | House |
| 25:06 | Investigar | Castle Age |
| 25:18 | Crear | Militia |
| 25:58 | Crear | Militia |
| 25:59 | Crear | Militia |
| 25:59 | Crear | Militia |
| 26:06 | Crear | Skirmisher |
| 26:06 | Crear | Skirmisher |
| 26:06 | Crear | Skirmisher |
| 26:11 | Crear | Villager (Male) |
| 27:16 | Construir | Mining Camp |
| 27:43 | Crear | Villager (Male) |
| 27:44 | Crear | Villager (Male) |
| 27:44 | Crear | Villager (Male) |
| 27:44 | Crear | Villager (Male) |
| 27:45 | Crear | Villager (Male) |
| 27:53 | Investigar | Squires |
| 28:06 | Construir | Town Center |
| 28:21 | Construir | Farm |
| 28:40 | Investigar | Long Swordsman (upgrade) |
| 28:44 | Investigar | Leather Archer Armor |
| 28:57 | Construir | Farm |
| 29:17 | Construir | Town Center |
| 29:24 | Construir | House |
| 29:25 | Construir | House |
| 29:26 | Construir | House |
| 29:29 | Crear | Villager (Male) |
| 29:29 | Crear | Villager (Male) |
| 29:36 | Construir | Farm |
| 29:47 | Investigar | Bow Saw |
| 30:08 | Construir | Farm |
| 30:10 | Crear | Villager (Male) |
| 30:10 | Crear | Villager (Male) |
| 30:17 | Crear | Villager (Male) |
| 30:26 | Crear | Villager (Male) |
| 30:49 | Crear | Militia |
| 30:50 | Crear | Militia |
| 31:34 | Crear | Villager (Male) |
Cronología de la partida
| 1:19 | AceHyundai35 · first_building Dock |
| 11:40 | dumnorix · first_building Barracks |
| 12:51 | AceHyundai35 · first_building Barracks |
| 13:17 | dumnorix · age_up feudal |
| 13:32 | AceHyundai35 · wall_segment Palisade Wall x5 |
| 13:43 | AceHyundai35 · wall_segment Palisade Wall x5 |
| 13:47 | dumnorix · first_building Archery Range |
| 18:38 | AceHyundai35 · first_building Archery Range |
| 20:06 | dumnorix · first_building Stable |
| 25:00 | AceHyundai35 · first_market_sell 100 wood |
| 25:01 | AceHyundai35 · first_market_buy 100 food |
| 28:10 | dumnorix · age_up castle |
| 32:44 | AceHyundai35 · first_building Castle |
| 33:06 | dumnorix · first_building Monastery |
| 43:02 | dumnorix · first_building Castle |
| 43:32 | dumnorix · first_building Siege Workshop |
| 46:05 | dumnorix · first_market_sell 100 wood |
| 46:09 | dumnorix · first_market_buy 100 food |
| 51:27 | dumnorix · age_up imperial |
| 60:53 | dumnorix · resign |
[ ANÁLISIS IA · 1 CRÉDITO ]
¿Qué pasó realmente en esta partida?
Wolo.gg analiza cada decisión: build order, eco, micro, errores típicos por bracket. Análisis personalizado por WhatsApp o Discord en 30 segundos.
Guía civ
Etíopes
Guía mapa
Nomad
Perfil
Jugador #23747899